 Dungeon Crawl Stone Soup version 0.30.1-9-gdf580d7c3d (webtiles) character file.

Game seed: 16077224218842554029

145247 monsoonserge the Marksspriggan (level 16, -15/96 HPs)
             Began as a Spriggan Hunter on Oct 23, 2023.
             Was the Champion of Wu Jian.
             Demolished by a five-headed hydra simulacrum (25 damage)
             ... on level 4 of the Swamp.
             The game lasted 01:43:01 (27407 turns).

monsoonserge the Marksspriggan (Spriggan Hunter)   Turns: 27407, Time: 01:43:02

Health: -15/96     AC: 16    Str:  7    XL:     16   Next: 86%
Magic:  23/23      EV: 25    Int: 13    God:    Wu Jian [******]
Gold:   2650       SH:  5    Dex: 30    Spells: 17/23 levels left

rFire   . . .        b - +12 pair of quick blades "Gyre" and "Gimble" {protect}
rCold   . . .        (shield currently unavailable)
rNeg    . . .        i - +0 swamp dragon scales
rPois   +            (helmet restricted)
rElec   .            f - +0 cloak {rCorr}
rCorr   +            (gloves unavailable)
SInv    +            (boots unavailable)
Will    ++...        Y - amulet of reflection
Stlth   +++++        c - +6 ring of dexterity
HPRegen 0.36/turn    Q - +4 ring of slaying
MPRegen 0.18/turn

%: reflection
@: under a protective aura, very quick
A: very small, no large weapons, unfitting armour, see invisible, speed 3
a: Renounce Religion, Wall Jump, Serpent's Lash, Heavenly Storm


You were on level 4 of the Swamp.
You worshipped Wu Jian.
Wu Jian was exalted by your worship.
You visited 6 branches of the dungeon, and saw 29 of its levels.
You also visited: Sewer and Gauntlet.

You collected 2839 gold pieces.
You spent 189 gold pieces at shops.

Inventory:

Hand Weapons
 a - a +0 arbalest
 b - the +12 pair of quick blades "Gyre" and "Gimble" (weapon) {protect}
   (You acquired it on level 4 of the Dungeon)
Missiles
 h - 2 atropa-tipped darts
 x - 3 curare-tipped darts
 C - 6 throwing nets
 E - 4 silver boomerangs (quivered)
Armour
 f - a +0 cloak of preservation (worn)
 i - +0 swamp dragon scales (worn)
 s - a +1 robe of fire resistance
 O - +0 acid dragon scales
 Z - a +2 robe of the Archmagi
Jewellery
 c - a +6 ring of dexterity (left hand)
 g - a ring of positive energy
 D - a ring of protection from cold
 Q - a +4 ring of slaying (right hand)
 Y - an amulet of reflection (around neck)
Wands
 B - a wand of roots (41)
 G - a wand of paralysis (24)
 I - a wand of polymorph (23)
 K - a wand of mindburst (17)
 L - a wand of quicksilver (22)
 W - a wand of digging (14)
Scrolls
 d - 4 scrolls of silence
 e - 2 scrolls of blinking
 l - 2 scrolls of immolation
 n - 16 scrolls of teleportation {unknown}
 p - 5 scrolls of vulnerability {unknown}
 t - a scroll of butterflies {unknown}
 u - 6 scrolls of poison
 w - 11 scrolls of magic mapping
 y - 7 scrolls of enchant armour
 M - 4 scrolls of fear
 P - 2 scrolls of torment {unknown}
 R - 3 scrolls of fog {unknown}
 S - 2 scrolls of amnesia {unknown}
 T - a scroll of brand weapon {unknown}
 U - 4 scrolls of enchant weapon {unknown}
Potions
 j - 7 potions of haste
 k - 6 potions of might
 m - 2 potions of magic
 o - 5 potions of cancellation
 q - 5 potions of brilliance
 r - 12 potions of curing
 v - 3 potions of invisibility
 z - a potion of experience {unknown}
 A - 5 potions of heal wounds
 F - 4 potions of lignification {unknown}
 H - 4 potions of berserk rage {unknown}
 J - a potion of ambrosia {unknown}
 N - 7 potions of mutation
 V - 4 potions of flight {unknown}
Miscellaneous
 X - a box of beasts


   Skills:
 + Level 16.2 Fighting
 - Level 9.0 Short Blades
 - Level 18.0 Ranged Weapons
 + Level 2.1 Throwing
 * Level 3.6 Armour
 + Level 11.1 Dodging
 + Level 10.2 Stealth
 - Level 4.0 Spellcasting
 - Level 3.2 Conjurations
 - Level 5.0 Hexes
 - Level 4.0 Air Magic
 - Level 4.0 Poison Magic
 + Level 4.4 Evocations


You had 17 spell levels left.
You knew the following spells:

 Your Spells              Type           Power      Damage    Failure   Level
a - Mephitic Cloud        Conj/Pois/Air  12%        N/A       41%         3
b - Dazzling Flash        Conj/Hex       26%        N/A       36%         3

Your spell library contained the following spells:

 Spells                   Type           Power      Damage    Failure   Level
 Slow                     Hex            60%        N/A       9%          1
 Shock                    Conj/Air       44%        1d5       16%         1
 Magic Dart               Conj           40%        1d5       19%         1
 Static Discharge         Conj/Air       22%        2-3/arc   22%         2
 Confusing Touch          Hex            15%        N/A       26%         3
 Foxfire                  Conj/Fire      24%        2x1d5     34%         1
 Ensorcelled Hibernation  Hex/Ice        18%        N/A       34%         2
 Swiftness                Air            13%        N/A       36%         3
 Apportation              Tloc           4%         N/A       54%         1
 Freeze                   Ice            8%         1d3       54%         1
 Necrotise                Necr           8%         1d4       54%         1
 Summon Small Mammal      Summ           8%         N/A       54%         1
 Portal Projectile        Hex/Tloc       18%        N/A       56%         3
 Summon Guardian Golem    Hex/Summ       9%         N/A       56%         3
 Call Imp                 Summ           4%         N/A       69%         2
 Lesser Beckoning         Tloc           4%         N/A       69%         2
 Passwall                 Tmut/Erth      1%         N/A       69%         2
 Hailstorm                Conj/Ice       6%         3d4       71%         3
 Airstrike                Air            6%         2d(1-17)  77%         4
 Fulminant Prism          Conj/Hex       6%         3d6       77%         4
 Call Canine Familiar     Summ           2%         N/A       89%         3
 Frozen Ramparts          Ice            4%         1d1       89%         3
 Gell's Gravitas          Tloc           2%         N/A       89%         3
 Ozocubu's Armour         Ice            2%         N/A       89%         3
 Teleport Other           Tloc           2%         N/A       89%         3
 Vampiric Draining        Necr           2%         2d6       89%         3
 Volatile Blastmotes      Fire/Tloc      4%         2d10      89%         3
 Summon Lightning Spire   Summ/Air       7%         N/A       96%         4
 Silence                  Hex/Air        7%         N/A       96%         5
 Iskenderun's Mystic Bla  Conj/Tloc      6%         2d4       98%         4
 Iskenderun's Battlesphe  Conj           10%        2d6       99%         5
 Agony                    Necr           2%         N/A       100%        5
 Alistair's Intoxication  Tmut/Pois      4%         N/A       100%        5
 Blade Hands              Tmut           1%         N/A       100%        5
 Borgnjor's Vile Clutch   Necr/Erth      1%         N/A       100%        5
 Fireball                 Conj/Fire      3%         3d4       100%        5
 Irradiate                Conj/Tmut      3%         3d12      100%        5
 Lee's Rapid Deconstruct  Erth           1%         3d4*      100%        5
 Summon Forest            Summ/Tloc      1%         N/A       100%        5
 Summon Mana Viper        Hex/Summ       9%         N/A       100%        5
 Conjure Ball Lightning   Conj/Air       5%         3x3d6     100%        6
 Dispersal                Tloc           1%         N/A       100%        6
 Eringya's Noxious Bog    Tmut/Pois      3%         N/A       100%        6
 Plasma Beam              Fire/Air       3%         2x1d15    100%        6
 Starburst                Conj/Fire      3%         6d3       100%        6
 Summon Cactus Giant      Summ           1%         N/A       100%        6
 Dragon Form              Tmut           1%         N/A       100%        7
 Orb of Destruction       Conj           5%         9d5       100%        7
 Ozocubu's Refrigeration  Ice            1%         4d7       100%        7
 Lehudib's Crystal Spear  Conj/Erth      3%         10d2      100%        8


Dungeon Overview and Level Annotations

Branches:
Dungeon (15/15)            Temple (1/1) D:5            Lair (5/5) D:10
  Swamp (4/4) Lair:2        Snake (2/4) Lair:3        Slime (0/5) Lair:5
    Orc (2/2) D:9             Elf (0/3) Orc:2        Vaults (0/5) D:14
 Depths (0/4) D:15          Sewer (visited)         Gauntlet (visited)

Altars:
Ashenzari
Cheibriados
Dithmenos
Elyvilon
Fedhas
Gozag
Hepliaklqana
Kikubaaqudgha
Makhleb
Nemelex Xobeh
Okawaru
Qazlal
Ru
Sif Muna
Trog
Uskayaw
Vehumet
Wu Jian
Xom
Yredelemnul
Zin
The Shining One

Shops:
D:7 *   D:10 ?   D:11 [   Orc:2 !*=!

Annotations:
Swamp:1 bearlyready's ghost, adept GnRe
Snake:2 Nikola


Innate Abilities, Weirdness & Mutations

You are very small and have problems with some larger weapons.
You are too small for most types of armour.
You have supernaturally acute eyesight. (SInv)
You cover ground extremely quickly. (Speed+++)


Message History

Unknown command.
Unknown command.
You spin and attack the freezing wraith repeatedly.
You completely miss the freezing wraith.
You puncture the freezing wraith!
You destroy the freezing wraith!
The Council accepts your kill.
The freezing wraith hits you but does no damage.
The freezing wraith completely misses you.
Unknown command.
You spin and attack the six-headed hydra simulacrum repeatedly.
You impale the six-headed hydra simulacrum!!
You puncture the six-headed hydra simulacrum! x2
The six-headed hydra simulacrum vaporises!
The Council accepts your kill.
A swamp worm simulacrum comes into view.
You see here a swamp worm corpse.
Unknown command.
Unknown command.
You lunge at the swamp worm simulacrum, in a flurry of attacks.
You hit the swamp worm simulacrum. x2; You impale the swamp worm simulacrum!!
The swamp worm simulacrum vaporises!
The Council accepts your kill.
You spin and attack the five-headed hydra simulacrum repeatedly.
You puncture the five-headed hydra simulacrum! x3
You hit the five-headed hydra simulacrum.
You spin and attack the swamp worm simulacrum repeatedly.
You barely miss the swamp worm simulacrum.
You hit the swamp worm simulacrum.
You puncture the swamp worm simulacrum! x2
The swamp worm simulacrum vaporises!
The Council accepts your kill.
You block the five-headed hydra simulacrum's attack.
The five-headed hydra simulacrum bites you.
The five-headed hydra simulacrum freezes you!!
* * * LOW HITPOINT WARNING * * *
The five-headed hydra simulacrum bites you but does no damage. x2
The five-headed hydra simulacrum bites you.
* * * LOW HITPOINT WARNING * * *
The five-headed hydra simulacrum freezes you!!
You die...

~♣♣.~~~.~.....♣ ♣.§~
♣........~..♣♣♣~~~
♣~.♣..~..~~~~♣..~~
♣♣~..~..†..~♣♣..~~
≈♣♣♣♣
♣~........~.♣♣♣♣♣♣
.....♣♣..~~..~....♣
≈≈....WW...~~~♣~~...
≈≈≈♣§~Z†○.~~~~~~~.~~~
.≈≈≈.~~@○...~§.~~..~~♣
.≈≈♣.~~○♣♣♣~.~~[.♣♣~..
≈≈ ♣.~~~. ♣♣♣♣♣$.♣
♣.~~~.§ ♣♣ ♣~~~<...
♣♣..~♣~.♣ ♣♣~~.♣Z♣
♣... ~.


You could see 2 freezing wraiths, a five-headed hydra simulacrum and a swamp
worm simulacrum.

Vanquished Creatures
  Rupert (Lair:5)
  A thorn hunter (Swamp:1)
  A nagaraja (Snake:2)
  The ghost of lonewolfV2 the Victor of a Thousand Battles, a journeyman DsFi of Okawaru (D:13)
  The ghost of Egaog the Thaumaturge, a journeyman GrEE of Vehumet (Lair:4)
  A minotaur (Gauntlet)
  3 bunyips
  An eleionoma (Swamp:3)
  3 dire elephants (Lair:5)
  The ghost of Mebb the Imperceptible, a journeyman SpEn of Gozag (D:13)
  2 ettins
  A shambling mangrove (Swamp:3)
  Harold (Lair:1)
  3 vault guards (D:14)
  3 hydras
  A rakshasa (D:13)
  A ghost crab (Swamp:2)
  A salamander tyrant (Snake:2)
  2 ogre magi (Orc:2)
  Erica (D:9)
  A death knight (D:15)
  3 centaur warriors
  2 naga warriors (Snake:1)
  5 anacondas
  4 alligators
  6 death yaks (Lair:5)
  A spriggan berserker (Swamp:4)
  4 tengu warriors
  10 two-headed ogres
  Urug (Orc:2)
  5 shock serpents
  6 spriggans
  A naga sharpshooter (Snake:1)
  Amaemon (Lair:2)
  A skeletal warrior (D:15)
  3 spectral death yaks (Lair:5)
  A spectral anaconda (Lair:5)
  A salamander mystic (Snake:2)
  2 deep trolls (Orc:2)
  A deep troll (shapeshifter) (D:13)
  4 spriggan druids
  2 goliath frogs
  3 swamp dragons
  An obsidian statue (Lair:5)
  7 wizards
  4 necromancers (Lair:5)
  5 bog bodies
  2 naga ritualists
  5 mana vipers
  5 deep elf pyromancers
  3 orc sorcerers
  5 ugly things
  6 cyclopes
  3 salamanders
  4 manticores
  8 elephants (Lair:5)
  A dire elephant zombie (Lair:5)
  19 black mambas
  An ice statue (Gauntlet)
  A rust devil (Gauntlet)
  3 naga magi
  12 cane toads
  An orange demon (Lair:2)
  A yaktaur (D:13)
  An efreet (Gauntlet)
  A kobold demonologist (D:12)
  3 unseen horrors
  4 freezing wraiths
  7 komodo dragons
  3 tengu conjurers
  3 rime drakes
  2 bloated husks
  A burning bush (Lair:3)
  13 trolls
  6 tyrant leeches
  Prince Ribbit (Lair:1)
  3 polar bears
  Grinder (D:3)
  8 hornets
  33 blink frogs
  A spectral elephant (Lair:5)
  8 slime creatures
  13 dream sheep (Lair:4)
  A vampire (D:11)
  Sigmund (D:3)
  A ynoxinul (Gauntlet)
  3 shadows
  5 wraiths
  2 centaur simulacra (D:13)
  A wyvern (Lair:3)
  Eustachio (D:5)
  37 yaks
  20 humans (D:14)
  6 basilisks
  18 vampire mosquitoes
  A fire elemental (Gauntlet)
  3 steam dragons
  4 swamp worm simulacra (Swamp:4)
  2 death yak simulacra (Lair:5)
  14 swamp worms
  A warg (Orc:1)
  Menkaure (D:4)
  5 acid dragons
  A spectral cane toad (Lair:5)
  8 nagas
  6 water moccasins
  A hydra simulacrum (Swamp:4)
  A swamp drake (Swamp:1)
  2 hell hounds (Gauntlet)
  12 black bears
  2 ice beasts (D:7)
  15 orc warriors
  3 elephant zombies (Lair:5)
  25 ogres
  A sky beast (D:8)
  An elephant skeleton (Lair:5)
  21 wolves
  4 centaurs
  2 phantoms (D:5)
  8 bullfrogs
  7 kobold brigands
  2 cane toad simulacra (Lair:5)
  A scorpion (D:7)
  13 wights
  An elephant simulacrum (Lair:5)
  11 killer bees
  6 howler monkeys (D:10)
  3 electric eels
  3 quasits (D:5)
  3 jellies
  10 hounds
  3 gnoll boudas
  15 orc priests
  4 iron imps (Gauntlet)
  A sleepcap (D:8)
  7 iguanas
  Terence (D:4)
  21 orc wizards
  18 gnolls
  5 adders
  2 white imps
  A swamp drake simulacrum (Swamp:4)
  4 worms
  The ghost of Nedac819 the Sneak, a weakling KoDe (D:5)
  5 dart slugs
  71 orcs
  4 bats
  2 endoplasms
  4 giant cockroaches
  8 hobgoblins
  37 kobolds
  2 quokkas (D:4)
  6 ball pythons
  9 frilled lizards
  6 goblins
  6 rats
  A spectral weapon (Swamp:1)
851 creatures vanquished.

Vanquished Creatures (others)
  A swamp worm (Swamp:4)
  A naga (Snake:2)
2 creatures vanquished.

Grand Total: 853 creatures vanquished

Notes
Turn   | Place    | Note
-------+----------+-------------------------------------------
     0 | D:1      | monsoonserge the Spriggan Hunter began the quest for the
                  | Orb.
     0 | D:1      | Reached XP level 1. HP: 10/10 MP: 2/2
    67 | D:1      | Reached XP level 2. HP: 14/14 MP: 3/3
   539 | D:2      | Reached XP level 3. HP: 17/18 MP: 4/4
   966 | D:2      | Reached skill level 5 in Ranged Weapons
  1005 | D:2      | Noticed Terence
  1545 | D:3      | Noticed Grinder
  1669 | D:3      | Noticed Sigmund
  1758 | D:4      | Noticed Menkaure
  2213 | D:4      | Identified a scroll of acquirement
  2214 | D:4      | Acquired the +12 pair of quick blades "Gyre" and "Gimble"
                  | {protect}
  2214 | D:4      | Found the +12 pair of quick blades "Gyre" and "Gimble"
                  | {protect}
  2309 | D:4      | Killed Terence
  2310 | D:4      | Reached XP level 4. HP: 23/23 MP: 5/5
  2359 | D:4      | Killed Menkaure
  2360 | D:4      | Reached skill level 1 in Short Blades
  2360 | D:4      | Reached skill level 6 in Ranged Weapons
  2360 | D:4      | Reached XP level 5. HP: 2/26 MP: 6/6
  2434 | D:4      | Found a glowing drain.
  2450 | Sewer    | Entered a sewer
  2629 | Sewer    | Reached XP level 6. HP: 13/31 MP: 7/7
  3123 | D:3      | Killed Grinder
  3124 | D:3      | Reached skill level 7 in Ranged Weapons
  3124 | D:3      | Reached XP level 7. HP: 35/35 MP: 8/8
  3548 | D:3      | Killed Sigmund
  3608 | D:5      | Entered Level 5 of the Dungeon
  3644 | D:5      | Found a transporter.
  3742 | D:5      | Noticed Nedac819's ghost (weakling KoDe)
  3778 | D:5      | Found a transporter.
  3822 | D:5      | Found a staircase to the Ecumenical Temple.
  3831 | Temple   | Entered the Ecumenical Temple
  3853 | Temple   | Became a worshipper of the Wu Jian Council
  3920 | D:5      | Noticed Eustachio
  3924 | D:5      | Killed Eustachio
  3925 | D:5      | Reached XP level 8. HP: 40/40 MP: 9/9
  3952 | D:5      | Reached skill level 5 in Short Blades
  3952 | D:5      | Reached skill level 8 in Ranged Weapons
  4191 | D:5      | Found a shimmering altar of Xom.
  4199 | D:5      | Found a sacrificial altar of Ru.
  4433 | D:5      | Killed Nedac819's ghost
  4501 | D:6      | Noticed a gargoyle
  4528 | D:5      | Reached * piety under Wu Jian
  4529 | D:5      | Reached skill level 9 in Ranged Weapons
  4841 | D:5      | Reached XP level 9. HP: 45/45 MP: 10/10
  4939 | D:6      | Reached skill level 1 in Evocations
  5394 | D:7      | Reached ** piety under Wu Jian
  5673 | D:7      | Found Huimpodo's Overcharged Wands.
  5997 | D:8      | Reached skill level 10 in Ranged Weapons
  6094 | D:8      | Found a runed translucent door.
  6197 | D:8      | Reached skill level 5 in Dodging
  6201 | D:8      | Reached skill level 5 in Fighting
  6247 | D:8      | Identified the +1 rapier of the Whelk {freeze, Str+4}
  6335 | D:8      | Identified the +8 trident of Might {vamp, *Corrode rC++
                  | Dex+2 Stlth+}
  6349 | D:8      | Reached skill level 5 in Stealth
  6621 | D:8      | Reached XP level 10. HP: 51/51 MP: 11/11
  6628 | D:8      | Found an iron altar of Okawaru.
  6900 | D:8      | Reached skill level 11 in Ranged Weapons
  6902 | D:8      | Reached *** piety under Wu Jian
  7119 | D:9      | Identified the +8 flail of Seus {vamp, Stlth+}
  7221 | D:9      | Found a staircase to the Orcish Mines.
  7326 | D:9      | Reached **** piety under Wu Jian
  7555 | D:9      | Noticed Erica
  7562 | D:9      | Killed Erica
  7913 | D:9      | Found a burning altar of Makhleb.
  7941 | D:10     | Entered Level 10 of the Dungeon
  7987 | D:10     | Found Osoasokh's Magic Scroll Shop.
  7994 | D:10     | Bought a scroll of fear for 64 gold pieces
  8100 | D:10     | Reached skill level 12 in Ranged Weapons
  8110 | D:10     | Found a staircase to the Lair.
  8138 | D:10     | Reached XP level 11. HP: 29/58 MP: 12/12
  8505 | D:10     | Found a glowing silver altar of Zin.
  8508 | D:10     | Found a hide-covered altar of Uskayaw.
  8510 | D:10     | Found a radiant altar of Vehumet.
  8727 | D:10     | Reached ***** piety under Wu Jian
  9047 | D:11     | Noticed a two-headed ogre
  9058 | D:11     | Killed a two-headed ogre
  9263 | D:11     | Noticed a two-headed ogre
  9283 | D:11     | Killed a two-headed ogre
  9284 | D:11     | Reached skill level 1 in Throwing
  9419 | D:11     | Found Eggip's Armour Shop.
  9574 | D:11     | Reached skill level 13 in Ranged Weapons
  9808 | Lair:1   | Entered Level 1 of the Lair of Beasts
  9831 | Lair:1   | Noticed Prince Ribbit
  9837 | Lair:1   | Killed Prince Ribbit
  9888 | Lair:1   | Noticed Harold
  9942 | Lair:1   | Killed Harold
  9943 | Lair:1   | Reached XP level 12. HP: 66/66 MP: 13/13
 10682 | Lair:2   | Reached skill level 14 in Ranged Weapons
 10736 | Lair:2   | Noticed Amaemon
 10748 | Lair:2   | Killed Amaemon
 10749 | Lair:2   | Reached skill level 10 in Fighting
 10761 | Lair:1   | HP: 3/67 [poisoned by Amaemon]
 11073 | Lair:2   | Found a staircase to the Swamp.
 12133 | Lair:3   | Reached ****** piety under Wu Jian
 12294 | Lair:3   | Found a staircase to the Snake Pit.
 12319 | Lair:3   | Noticed an eight-headed hydra
 12327 | Lair:3   | Killed an eight-headed hydra
 12328 | Lair:3   | Reached skill level 15 in Ranged Weapons
 12746 | Lair:4   | Reached XP level 13. HP: 57/74 MP: 14/14
 12938 | Lair:4   | Found a runed translucent door.
 13278 | Lair:4   | Noticed Egaog's ghost (journeyman GrEE)
 13569 | Lair:5   | Entered Level 5 of the Lair of Beasts
 13577 | Lair:5   | Noticed Rupert
 13654 | Lair:5   | Killed Rupert
 13670 | Lair:5   | Reached skill level 16 in Ranged Weapons
 13861 | Lair:5   | Identified the +1 trident "Fuadene" {venom, MP+9}
 13943 | Lair:5   | Found a staircase to the Slime Pits.
 14640 | Lair:5   | Noticed a dire elephant
 14640 | Lair:5   | Noticed a dire elephant
 14781 | Lair:5   | Noticed a dire elephant
 14829 | Lair:5   | Reached XP level 14. HP: 80/81 MP: 15/15
 14957 | Lair:5   | Identified the +8 plate armour "Canytink" {+Inv rC- Regen+
                  | Dex+3}
 15003 | Lair:5   | Reached skill level 17 in Ranged Weapons
 15826 | Orc:1    | Entered Level 1 of the Orcish Mines
 16223 | Orc:2    | Entered Level 2 of the Orcish Mines
 16223 | Orc:2    | Noticed Urug
 16236 | Orc:2    | Killed Urug
 16256 | Orc:2    | Found Ypaydd's Distillery.
 16259 | Orc:2    | Found Himagg's Jewellery Shop.
 16277 | Orc:2    | Found Zuokyx Tum's Assorted Antiques.
 16376 | Orc:2    | Bought a potion of heal wounds for 65 gold pieces
 16379 | Orc:2    | Found Qaruekeu's Distillery.
 16382 | Orc:2    | Bought a scroll labelled YKOCUCZIGAP for 32 gold pieces
 16382 | Orc:2    | Bought a glowing yellow potion for 28 gold pieces
 16486 | Orc:2    | Found a staircase to the Elven Halls.
 17084 | D:12     | Reached XP level 15. HP: 88/88 MP: 16/16
 17198 | D:12     | Found a gate leading to a gauntlet.
 17215 | Gauntlet | Entered a Gauntlet
 17215 | Gauntlet | Found a transporter.
 17215 | Gauntlet | Found a transporter.
 17219 | Gauntlet | Found a transporter.
 17220 | Gauntlet | Found a transporter.
 17278 | Gauntlet | Found a transporter.
 17282 | Gauntlet | Found a transporter.
 17295 | Gauntlet | Found a transporter.
 17316 | Gauntlet | Found a transporter.
 17321 | Gauntlet | Found a transporter.
 17340 | Gauntlet | Found a transporter.
 17340 | Gauntlet | Found a transporter.
 17351 | Gauntlet | Found a transporter.
 17507 | Gauntlet | Got Sif Muna's Atlas of Earth and Imprecation
 17643 | Gauntlet | Identified the +8 short sword of Cowardice {freeze, +Blink
                  | Will+}
 17660 | Gauntlet | Identified the +2 ring mail "Menol" {Int+2}
 17973 | D:13     | Learned a level 3 spell: Mephitic Cloud
 17988 | D:13     | Learned a level 3 spell: Dazzling Flash
 18016 | D:13     | Found a transporter.
 18017 | D:13     | Noticed lonewolfV2's ghost (journeyman DsFi)
 18263 | D:13     | Found a transporter.
 18264 | D:13     | Noticed Mebb's ghost (journeyman SpEn)
 18374 | D:13     | Reached skill level 1 in Spellcasting
 18554 | D:14     | Reached skill level 10 in Dodging
 18563 | D:14     | Reached skill level 1 in Hexes
 18694 | D:14     | Reached skill level 1 in Air Magic
 18893 | D:14     | Reached skill level 1 in Conjurations
 19065 | D:14     | Reached skill level 1 in Poison Magic
 19138 | D:14     | Found a gate to the Vaults.
 19498 | D:15     | Entered Level 15 of the Dungeon
 19634 | D:15     | Reached skill level 15 in Fighting
 19904 | D:15     | Found a staircase to the Depths.
 20361 | D:13     | Killed Mebb's ghost
 20387 | D:13     | Killed lonewolfV2's ghost
 20400 | D:13     | Reached skill level 18 in Ranged Weapons
 20761 | Lair:4   | Killed Egaog's ghost
 20842 | Snake:1  | Entered Level 1 of the Snake Pit
 21398 | Swamp:1  | Entered Level 1 of the Swamp
 21401 | Swamp:1  | Reached XP level 16. HP: 95/95 MP: 22/22
 21408 | Swamp:1  | Noticed a thorn hunter
 21423 | Swamp:1  | Killed a thorn hunter
 21999 | Swamp:1  | Found a transporter.
 22015 | Swamp:1  | Found a transporter.
 22048 | Swamp:1  | Noticed bearlyready's ghost (adept GnRe)
 22933 | Swamp:2  | Reached skill level 5 in Hexes
 23329 | Swamp:2  | Identified the +1 robe of Incorporation {*Corrode Int+4
                  | Slay+3}
 25054 | Snake:1  | Reached skill level 1 in Armour
 26379 | Snake:2  | Identified the +7 dagger of Rotation {freeze, Drain rElec
                  | Int+2 SInv}
 26539 | Snake:2  | Identified the +2 chain mail of Idonoen {*Slow rElec rC+++
                  | Regen+}
 26558 | Snake:2  | Reached skill level 10 in Stealth
 26835 | Snake:2  | Noticed Nikola
 27192 | Swamp:4  | Entered Level 4 of the Swamp
 27407 | Swamp:4  | Demolished by a five-headed hydra simulacrum

Illustrated notes

Levels and vault maps discovered:
D:1:      scummos_arrival_simple_fountains, layout_basic, minmay_distorted
D:2:      layout_basic, uniq_terence
D:3:      layout_basic, uniq_sigmund, uniq_grinder
D:4:      layout_cave_pods, cheibrodos_sewer_entry_bend,
          hangedman_decor_slide_cut, uniq_menkaure
D:5:      layout_basic, grunt_temple_overflow_open,
          minmay_temple_entry_gardened_gates, gammafunk_ghost_stat_death,
          grunt_ministairs_12, kennysheep_generic_room_3, uniq_eustachio
D:6:      hangedman_cross_stitches, layout_basic, minmay_holes
D:7:      layout_basic, nicolae_shop_overcharged_wands
D:8:      layout_cave_pods, kennysheep_okawaru_gauntlet, lightli_church_of_beogh
D:9:      layout_irregular_city, lemuel_tele_altar,
          minmay_orc_entry_temple_small, david_defended_altar_orc, uniq_erica
D:10:     layout_small_grid, nicolae_overflow_hidden_temple, erik_lair_island,
          serial_glass, glass_columns_c, glass_columns_a, glass_columns_a,
          glass_columns_b, glass_columns_c, glass_columns_a, glass_columns_a,
          glass_columns_b, serial_shops, shop
D:11:     layout_basic, serial_shops, nicolae_shop_tiny_waterfront
D:12:     kennysheep_ambush_hall, layout_rooms, gauntlet_entry_generic
D:13:     layout_cross, nzn_ghost_randoct, solitary_fountain
D:14:     layout_irregular_city, grunt_vaults_entry_tiered, serial_rivers,
          chequers_serial_rivers_micro_e, chequers_serial_rivers_micro_e,
          chequers_serial_rivers_large_a, chequers_serial_rivers_micro_c,
          chequers_serial_rivers_micro_e, chequers_serial_rivers_micro_a,
          nicolae_titane
D:15:     hangedman_depths_entry_civil_slaughter, layout_basic, serial_aquarium,
          aquarium_bridge_island_small [aquarium_subvault_small_open,
          aquarium_subvault_bridge, aquarium_subvault_bridge,
          aquarium_subvault_wall, aquarium_subvault_bridge],
          aquarium_bridge_long_separate [aquarium_subvault_window,
          aquarium_subvault_bridge, aquarium_subvault_window,
          aquarium_subvault_window, aquarium_subvault_wall,
          aquarium_subvault_bridge], aquarium_window_2, aquarium_window_2,
          aquarium_window_fake, aquarium_view_2b, aquarium_view_2e,
          aquarium_balcony_3b, serial_bayou_pond_d
Temple:   hellmonk_temple_two_chambers
Lair:1:   layout_big_grid, beast_lair_carwin_7, serial_bayou_shore_b,
          grunt_megastairs_3, infiniplex_staircase_pool, uniq_prince_ribbit2,
          uniq_harold
Lair:2:   layout_regular_city, skrybe_swamp_entry_bodies, uniq_amaemon
Lair:3:   layout_gridlike, guppyfry_snake_entry_island, evilmike_ambush
          [evilmike_ambush_outer_corners, evilmike_ambush_inner_basic]
Lair:4:   layout_gridlike, gammafunk_ghost_grave
Lair:5:   due_jungle_book, layout_cave_pods, minmay_slime_entry_pillars,
          uniq_rupert
Swamp:1:  layout_basic_swamp, gammafunk_ghost_berserking_beasts,
          evilmike_swamp_ruin_house_1, swamp_pool3,
          nicolae_swamp_stuck_in_the_mud
Swamp:2:  layout_basic_swamp, evilmike_swamp_ruin_rubble_2, swamp_pool2,
          nicolae_swamp_alligator_family
Swamp:3:  layout_basic_swamp, evilmike_swamp_ruin_house_6, swamp_pool2,
          hangedman_swamp_diagram, nicolae_swamp_treefoil
Swamp:4:  swamp_icy, layout_basic_swamp
Snake:1:  layout_grid_maze
Snake:2:  layout_gridlike, uniq_nikola
Orc:1:    layout_caves
Orc:2:    st_orc_open, layout_diamond_mine, library_closet, uniq_urug

Skill      XL: |  1  2  3  4  5  6  7  8  9 10 11 12 13 14 15 16 |
---------------+-------------------------------------------------+-----
Ranged Weapons | 5 6 7 9 10 12 13 15 16 17 18 | 18.0
Stealth        | 2 3 5 6 7 8 10 | 10.2
Fighting       | 2 3 4 5 7 9 11 12 14 15 16 | 16.2
Short Blades   | 1 2 3 4 6 8 9 |  9.0
Dodging        | 3 5 6 7 8 9 10 11 | 11.1
Evocations     | 2 4 |  4.4
Throwing       | 1 2 |  2.1
Spellcasting   | 3 4 |  4.0
Hexes          | 4 5 |  5.0
Air Magic      | 3 4 |  4.0
Conjurations   | 2 3 |  3.2
Poison Magic   | 3 4 |  4.0
Armour         | 3 |  3.6

Action                     |  1- 3 |  4- 6 |  7- 9 | 10-12 | 13-15 | 16-18 || total
---------------------------+-------+-------+-------+-------+-------+-------++-------
  Melee: Pair of quick bla |     3 |    35 |   153 |   339 |   933 |   243 ||  1706
   Fire: Shortbow          |   129 |    34 |   122 |   154 |       |       ||   439
         Arbalest          |       |       |       |   139 |   338 |   203 ||   680
  Throw: Dart              |       |     1 |     3 |     3 |     3 |     2 ||    12
         Boomerang         |       |       |       |       |       |     2 ||     2
Ability: Lunge             |       |       |    20 |    47 |    96 |    22 ||   185
         Whirlwind         |       |       |    11 |    63 |   198 |    38 ||   310
    Use: Scroll            |     4 |       |     5 |     3 |     4 |     3 ||    19
         Potion            |       |       |     1 |     1 |       |     1 ||     3
   Stab: Distracted        |       |       |       |       |     2 |     1 ||     3
         Sleeping          |       |       |       |       |     1 |       ||     1
 Armour: Robe              |     1 |     5 |     6 |       |     6 |     3 ||    21
         Steam dragon scal |       |       |     3 |    13 |    16 |       ||    32
         Swamp dragon scal |       |       |       |       |       |    11 ||    11
  Dodge: Dodged            |    17 |    18 |    82 |   105 |   236 |    88 ||   546
  Block: Other             |       |       |       |       |    34 |    15 ||    49
         Reflection        |       |       |       |       |     5 |     3 ||     8
